 Dungeon Crawl Stone Soup version 0.29.1-2-gbd0b4ee654 (webtiles) character file.

Game seed: 8084531564685412313

21133 warriortoast the Skirmisher (level 12, 0/60 HPs)
             Began as a Spriggan Warper on Nov 16, 2022.
             Was a Priest of Fedhas.
             Hit by a boomerang thrown by a merfolk (16 damage)
             ... on level 3 of the Lair of Beasts on Nov 17, 2022.
             The game lasted 01:42:24 (25279 turns).

warriortoast the Skirmisher (Spriggan Warper)      Turns: 25279, Time: 01:42:24

Health: 0/60       AC: 11    Str:  7    XL:     12   Next: 51%
Magic:  27/27      EV: 22    Int: 16    God:    Fedhas [***...]
Gold:   256        SH:  5    Dex: 18    Spells: 8/31 levels left

rFire   . . .      SeeInvis +   e - +0 arbalest
rCold   . . .      Faith    .   (shield currently unavailable)
rNeg    . . .      Spirit   .   W - +0 swamp dragon scales
rPois   +          Reflect  +   (helmet restricted)
rElec   .          Harm     .   (no cloak)
rCorr   .          Rampage  .   (gloves unavailable)
Will    ++...                   (boots unavailable)
Stlth   ++++......              l - amulet of reflection
HPRegen 0.20/turn               n - +4 ring of evasion
MPRegen 0.20/turn               m - +4 ring of protection

@: very quick
A: very small, no large weapons, unfitting armour, see invisible, speed 3
a: Renounce Religion, Wall of Briars, Grow Ballistomycete


You were on level 3 of the Lair of Beasts.
You worshipped Fedhas.
Fedhas was most pleased with you.
You visited 3 branches of the dungeon, and saw 14 of its levels.
You also visited: Bailey.

You collected 778 gold pieces.
You spent 522 gold pieces at shops.

Inventory:

Hand Weapons
 a - a +0 short sword
 d - the +6 hand axe "Inwea" {vorpal, Dex+2}
   (You found it on level 7 of the Dungeon)

   It inflicts extra damage upon your enemies.
   Dex:       It affects your dexterity (+2).
 e - a +0 arbalest (weapon)
 s - a +1 dagger of venom
 B - a +0 shortbow
 I - a +0 sling
 O - a +1 dagger of freezing
 T - a +1 dagger of speed
Missiles
 K - 15 boomerangs
 V - 13 poisoned darts
Armour
 b - a +0 robe
 W - +0 swamp dragon scales (worn)
Jewellery
 f - an amulet of the acrobat
 l - an amulet of reflection (around neck)
 m - a +4 ring of protection (right hand)
 n - a +4 ring of evasion (left hand)
 q - a ring of positive energy
 t - a ring of ice
 u - a +4 ring of protection
 C - a ring of ice
 F - a ring of ice
 G - a +4 ring of evasion
 M - a +4 ring of evasion
 N - a +4 ring of protection
Wands
 J - a wand of charming (12)
 S - a wand of flame (21)
 X - a wand of roots (1)
Scrolls
 c - 4 scrolls of blinking
 p - 5 scrolls of teleportation
 r - 5 scrolls of poison
 v - 2 scrolls of acquirement {unknown}
 w - 4 scrolls of butterflies
 x - 2 scrolls of amnesia
 y - a scroll of brand weapon {unknown}
 A - 4 scrolls of fear
 D - 3 scrolls of identify
 P - 2 scrolls of silence {unknown}
 Q - 2 scrolls of enchant weapon
 R - 2 scrolls of enchant armour
 U - 4 scrolls of noise
Potions
 g - 3 potions of mutation
 h - 6 potions of curing
 i - 2 potions of invisibility
 j - a potion of resistance
 k - 5 potions of attraction
 o - a potion of flight
 z - 2 potions of brilliance
 E - 2 potions of lignification
 H - a potion of haste
 L - 2 potions of might


   Skills:
 - Level 5.0 Fighting
 - Level 5.0 Short Blades
 + Level 11.2 Ranged Weapons
 - Level 1.0 Throwing
 - Level 8.0 Dodging
 - Level 11.0 Stealth
 - Level 10.0 Spellcasting
 - Level 7.0 Hexes
 + Level 9.4 Translocations
 + Level 4.4 Invocations
 - Level 8.0 Evocations


You had 8 spell levels left.
You knew the following spells:

 Your Spells              Type           Power      Damage    Failure   Level
a - Blink                 Tloc           76%        N/A       1%          2
b - Gell's Gravitas       Tloc           38%        N/A       1%          3
c - Lesser Beckoning      Tloc           38%        N/A       1%          3
d - Teleport Other        Tloc           38%        N/A       1%          3
e - Manifold Assault      Tloc           38%        N/A       19%         5
f - Passage of Golubria   Tloc           38%        N/A       7%          4
g - Tukima's Dance        Hex            30%        N/A       5%          3

Your spell library contained the following spells:

 Spells                   Type           Power      Damage    Failure   Level
 Summon Guardian Golem    Hex/Summ       19%        N/A       22%         3
 Foxfire                  Conj/Fire      32%        2x1d5     32%         1
 Summon Forest            Summ/Tloc      11%        N/A       78%         5
 Yara's Violent Unravell  Hex/Tmut       9%         3d6       91%         5
 Animate Dead             Necr           8%         N/A       97%         4
 Flame Wave               Conj/Fire      8%         2d5       97%         4
 Borgnjor's Vile Clutch   Necr/Erth      4%         N/A       100%        5
 Iskenderun's Battlesphe  Conj           8%         2d6       100%        5
 Death Channel            Necr           4%         N/A       100%        6
 Eringya's Noxious Bog    Tmut/Pois      4%         N/A       100%        6
 Orb of Destruction       Conj           4%         9d5       100%        7
 Spellforged Servitor     Conj/Summ      4%         N/A       100%        7
 Storm Form               Tmut/Air       4%         N/A       100%        7
 Summon Hydra             Summ           4%         N/A       100%        7
 Fire Storm               Conj/Fire      4%         8d1       100%        9


Dungeon Overview and Level Annotations

Branches:
Dungeon (10/15)            Temple (1/1) D:6            Lair (3/5) D:9
    Orc (0/2) D:10         Bailey (visited)
  Swamp: Lair:2-3    Shoals: Lair:2-3     Snake: Lair:2-3    Spider: Lair:2-3

Altars:
Ashenzari
Cheibriados
Dithmenos
Elyvilon
Fedhas
Hepliaklqana
Kikubaaqudgha
Nemelex Xobeh
Okawaru
Ru
Sif Muna
Trog
Xom
Zin
The Shining One

Shops:
D:1 ***:[   D:10 (

Annotations:
Lair:2 3 runed translucent doors


Innate Abilities, Weirdness & Mutations

You are very small and have problems with some larger weapons.
You are too small for most types of armour.
You have supernaturally acute eyesight. (SInv)
You cover ground extremely quickly. (Speed+++)


Message History

A yak comes into view.
Found a stone staircase leading down.
The yak bellows!
You hear a bellow! x2
Casting: Blink (safe; 1% risk of failure)
Confirm with . or Enter, or press ? or * to list all spells.
You blink.
The polar bear is no longer berserk.
You feel stable enough to blink again.
You shoot a bolt. The bolt hits the polar bear.
The polar bear is severely wounded.
You shoot a bolt. The bolt hits the polar bear!!
You kill the polar bear!
Fedhas appreciates your contribution to the ecosystem.
You shoot a bolt. The bolt barely misses the bullfrog.
You shoot a bolt. The bolt hits the bullfrog!!
You kill the bullfrog!
Fedhas appreciates your contribution to the ecosystem.
No target in view!
You walk carefully through the fungus.
Found a robe.
You walk carefully through the plants.
You see here a +0 robe.
You open the door.
There is an open door here.
There is an open door here.
There is an open door here.
You enter the shallow water.
Moving in this stuff is going to be slow.
A merfolk comes into view. It is wielding a +0 trident.
The merfolk shouts!
The merfolk throws a boomerang.
The boomerang hits you.
The merfolk hits you from afar with a +0 trident!
Why would you want to do that? You block the merfolk's attack.
The merfolk hits you from afar with a +0 trident!!
The merfolk hits you from afar with a +0 trident!
* * * LOW HITPOINT WARNING * * *
The merfolk misses you.
The merfolk throws a boomerang.
The boomerang hits you!
You die...
Fedhas appreciates your contribution to the ecosystem.

#~### #..... #~~~#
#.##P. #≈≈~#
#..##. #~~~# #..#
# ####~#### #.##
#.###m~~# ##.#
##..#~~~### #.†##
#..#~~~#.# #...#
##.@####.#####..##
#..............#
#...#####P....##
###.[.........##
###.#P#####.P#
##### ##.## #..##
#...# ##.##


You could see a merfolk.

Vanquished Creatures
  2 hydras (Lair:1)
  A radroach (Lair:2)
  Sonja (D:10)
  A lindwurm (D:9)
  A wizard (D:9)
  12 elephants
  2 black mambas
  Maggie (Lair:2)
  3 komodo dragons
  2 rime drakes (Lair:2)
  7 cane toads
  A kobold demonologist (D:9)
  A hornet (D:9)
  A troll (D:10)
  2 polar bears (Lair:3)
  A spriggan (D:9)
  3 wyverns
  A vampire (D:9)
  18 yaks
  A basilisk (Lair:1)
  4 water moccasins
  An acid dragon (D:10)
  2 ice beasts
  5 orc warriors
  2 sky beasts
  A black bear (D:8)
  5 wolves
  3 centaurs
  A phantom (D:7)
  An ogre (D:5)
  7 bullfrogs
  3 kobold brigands (D:9)
  A necrophage (D:6)
  2 scorpions
  7 killer bees
  A vampire bat (Lair:1)
  3 howler monkeys
  6 hounds
  A gnoll bouda (D:8)
  3 orc priests
  2 jellies (D:6)
  6 iguanas
  8 orc wizards
  A mummy (D:9)
  4 gnolls
  6 adders
  A shadow imp (D:5)
  2 white imps
  An ufetubus (D:6)
  5 dart slugs
  37 orcs
  14 bats
  6 endoplasms
  3 giant cockroaches
  2 goblins (D:3)
  8 hobgoblins
  23 kobolds
  A quokka (D:2)
  9 ball pythons
  5 frilled lizards
  4 rats
269 creatures vanquished.

Vanquished Creatures (collateral kills)
  8 wolves
8 creatures vanquished.

Vanquished Creatures (others)
  31 fungi
  37 plants
  5 toadstools (D:1)
73 creatures vanquished.

Grand Total: 350 creatures vanquished

Notes
Turn   | Place    | Note
-------+----------+-------------------------------------------
     0 | D:1      | warriortoast the Spriggan Warper began the quest for the
                  | Orb.
     0 | D:1      | Reached XP level 1. HP: 10/10 MP: 5/5
    22 | D:1      | Found Mylig's Assorted Antiques.
    35 | D:1      | Found Zanugheph's General Store.
   342 | D:1      | Reached XP level 2. HP: 10/14 MP: 6/6
   569 | D:1      | Found Cobroav's Antique Armour Emporium.
   693 | D:1      | Found Ali Sugaot's General Store.
   740 | D:1      | Found Mitaocs's Book Emporium.
  1185 | D:1      | Reached skill level 1 in Stealth
  1545 | D:2      | Found a faded altar of an unknown god.
  1855 | D:2      | Reached XP level 3. HP: 18/18 MP: 8/8
  2393 | D:3      | Reached skill level 1 in Ranged Weapons
  2393 | D:3      | Reached skill level 5 in Translocations
  2393 | D:3      | Reached XP level 4. HP: 11/22 MP: 9/9
  2396 | D:3      | Learned a level 2 spell: Blink
  2400 | D:3      | Learned a level 3 spell: Gell's Gravitas
  2404 | D:3      | Learned a level 3 spell: Lesser Beckoning
  3385 | D:3      | Reached XP level 5. HP: 14/25 MP: 11/11
  4061 | D:4      | Found Plog's Tremendous Tomes.
  4760 | D:1      | Bought 3 scrolls of identify for 84 gold pieces
  4760 | D:1      | Bought a potion of curing for 42 gold pieces
  4934 | D:4      | Reached XP level 6. HP: 29/30 MP: 11/13
  5203 | D:4      | Found a sparkling altar of Nemelex Xobeh.
  5384 | D:5      | Entered Level 5 of the Dungeon
  5714 | D:5      | Reached skill level 5 in Dodging
  5761 | D:5      | Found an iron altar of Okawaru.
  5764 | D:5      | Reached XP level 7. HP: 13/33 MP: 14/14
  5949 | D:5      | Got the Commentary on the Hurtful Arsonist
  6573 | D:4      | HP: 1/33 [poisoned by an orc wizard]
  6955 | D:4      | Reached skill level 5 in Stealth
  8251 | D:6      | Found a staircase to the Ecumenical Temple.
  8291 | D:6      | Reached skill level 5 in Spellcasting
  8334 | Temple   | Entered the Ecumenical Temple
  8354 | Temple   | Became a worshipper of Fedhas Madash
  8397 | D:6      | Identified the +3 ring mail of Ethics {rPois rN+}
  8788 | D:6      | Reached XP level 8. HP: 37/37 MP: 16/16
  8899 | D:7      | Found a flagged portal.
  8912 | D:7      | Identified the +6 hand axe "Inwea" {vorpal, Dex+2}
  8917 | Bailey   | Entered a bailey
  9016 | Bailey   | Learned a level 3 spell: Teleport Other
  9022 | Bailey   | Learned a level 5 spell: Manifold Assault
  9675 | D:7      | Reached skill level 5 in Short Blades
 10736 | D:8      | Reached * piety under Fedhas
 10923 | D:8      | Reached XP level 9. HP: 41/41 MP: 19/19
 11509 | D:8      | Reached skill level 5 in Ranged Weapons
 11824 | D:8      | Found a hazy altar of Hepliaklqana.
 12410 | D:9      | Found a staircase to the Lair.
 12411 | D:9      | Noticed a komodo dragon
 12597 | D:9      | Killed a komodo dragon
 12731 | D:9      | Reached skill level 1 in Evocations
 12853 | D:9      | Reached skill level 1 in Invocations
 12961 | D:9      | Reached ** piety under Fedhas
 13958 | D:9      | Found a snail-covered altar of Cheibriados.
 14120 | D:9      | Reached skill level 10 in Stealth
 14120 | D:9      | Reached XP level 10. HP: 29/46 MP: 23/23
 14877 | D:9      | Noticed a wizard
 14899 | D:9      | Killed a wizard
 15196 | D:1      | Bought a potion of invisibility for 88 gold pieces
 15196 | D:1      | Bought a potion of berserk rage for 55 gold pieces
 15196 | D:1      | Bought a scroll of enchant armour for 82 gold pieces
 15208 | D:1      | Bought a scroll of fear for 56 gold pieces
 15208 | D:1      | Bought a scroll of fear for 56 gold pieces
 15208 | D:1      | Bought a scroll of identify for 28 gold pieces
 15223 | D:1      | Bought a scroll labelled QIUCWE ZARA for 31 gold pieces
 15380 | Lair:1   | Entered Level 1 of the Lair of Beasts
 15380 | Lair:1   | Noticed a cane toad
 15383 | Lair:1   | Killed a cane toad
 15437 | D:10     | Entered Level 10 of the Dungeon
 15793 | D:10     | Noticed Joseph
 15883 | D:10     | Found Vaedwurpha's Antique Weapon Shoppe.
 16093 | D:10     | Noticed Sonja
 16125 | D:10     | Learned a level 4 spell: Passage of Golubria
 16129 | D:10     | Learned a level 3 spell: Tukima's Dance
 16782 | D:10     | Noticed Joseph
 16782 | D:10     | Joseph changed into Joseph the troll
 16923 | D:9      | Noticed Joseph
 16923 | D:9      | Joseph the troll changed into Joseph the lindwurm
 17003 | D:9      | HP: 2/49 [Joseph the lindwurm/blast of flame (20)]
 17020 | D:9      | Killed Joseph the lindwurm
 17021 | D:9      | Reached skill level 1 in Hexes
 17928 | D:10     | Found a staircase to the Orcish Mines.
 17962 | D:10     | Reached skill level 5 in Evocations
 18541 | D:10     | Killed Sonja
 18830 | Lair:1   | Noticed an eight-headed hydra
 18845 | Lair:1   | Reached *** piety under Fedhas
 18846 | Lair:1   | Reached XP level 11. HP: 51/52 MP: 25/25
 19442 | Lair:1   | Killed an eight-headed hydra
 20604 | Lair:1   | Reached skill level 10 in Spellcasting
 20977 | Lair:1   | Reached skill level 5 in Hexes
 21193 | Lair:1   | Noticed a six-headed hydra
 21197 | Lair:1   | Killed a six-headed hydra
 21593 | Lair:1   | Reached skill level 5 in Fighting
 21992 | Lair:2   | Noticed a catoblepas
 22055 | Lair:2   | HP: 2/55 [something/blast of calcifying dust (4)]
 22573 | Lair:1   | Reached XP level 12. HP: 48/60 MP: 27/27
 22754 | Lair:1   | Reached skill level 10 in Ranged Weapons
 23596 | Lair:2   | Noticed Maggie
 23955 | Lair:2   | Found a runed translucent gate.
 23956 | Lair:2   | Found a runed translucent gate.
 23958 | Lair:2   | Found a runed translucent gate.
 24240 | Lair:2   | Noticed a boulder beetle
 24241 | Lair:2   | Noticed a radroach
 24241 | Lair:2   | a boulder beetle changed into a radroach
 24287 | Lair:2   | Killed a radroach
 24485 | Lair:2   | Killed Maggie
 25279 | Lair:3   | Hit by a boomerang thrown by a merfolk

Illustrated notes

Levels and vault maps discovered:
D:1:      ldierk_walled_garden, layout_basic, serial_shops,
          nicolae_shop_temple_entry_statues_fountains, shop,
          nicolae_shop_temple_entry_statues_fountains, nicolae_shop_trees,
          nicolae_shop_hallway_stairs
D:2:      layout_loops_ring, hellmonk_ecumenical_altar_lost_god,
          minmay_stone_trees_small, corexii_hall_statues_deadend,
          corner_web_ring
D:3:      layout_loops_ring
D:4:      layout_basic, old_standard_altar, nicolae_shop_i_like_big_books
D:5:      layout_layer_cave, mainiacjoe_overflow_concentric_impassable
D:6:      layout_loops_ring, temple_pool_b, nicolae_eternal_life
D:7:      layout_gridville, enter_bailey_2
D:8:      layout_cave_pods, lemuel_doored_altar
D:9:      layout_stronghold, slow_altar_2, david_lair_shrubbed, minmay_librarian
D:10:     layout_basic, david_orc_2, serial_shops,
          nicolae_shop_overgrown_old_shop, st_stairs_6, uniq_joseph, uniq_sonja
Temple:   compressed_dpeg_circular_temple
Lair:1:   layout_cave_pods, roderic_batcave, infiniplex_staircase_pool_2,
          grunt_megastairs_5
Lair:2:   layout_cave_pods, gammafunk_ghost_icy, uniq_maggie
Lair:3:   layout_cave_pods, elwin_shoals_entry_rooms, spider_nest_entry_rubble,
          serial_bayou_shore_b, infiniplex_staircase_pool, uniq_amaemon

Skill      XL: |  1  2  3  4  5  6  7  8  9 10 11 12 |
---------------+-------------------------------------+-----
Stealth        | 1 2 3 4 5 7 10 11 | 11.0
Spellcasting   | 3 4 5 6 8 9 10 | 10.0
Ranged Weapons | 1 2 3 4 6 7 9 11 | 11.2
Translocations | 5 6 7 8 9 |  9.4
Dodging        | 4 5 7 8 |  8.0
Short Blades   | 3 4 5 |  5.0
Evocations     | 2 6 8 |  8.0
Fighting       | 2 3 5 |  5.0
Invocations    | 1 2 4 |  4.4
Hexes          | 2 7 |  7.0
Throwing       | |  1.0

Action                   |  1- 3 |  4- 6 |  7- 9 | 10-12 || total
-------------------------+-------+-------+-------+-------++-------
Melee: Short sword       |    97 |   184 |    96 |       ||   377
       Punch             |     2 |       |     3 |     3 ||     8
       Dagger            |       |       |    24 |    80 ||   104
       Hand axe          |       |       |    53 |    52 ||   105
 Fire: Sling             |    44 |   175 |    71 |       ||   290
       Shortbow          |       |       |   432 |   152 ||   584
       Arbalest          |       |       |       |   453 ||   453
Throw: Boomerang         |     7 |       |       |       ||     7
       Dart              |       |       |       |     6 ||     6
 Cast: Gell's Gravitas   |       |     2 |    21 |     9 ||    32
       Teleport Other    |       |       |     8 |     1 ||     9
       Blink             |       |       |     2 |     8 ||    10
       Passage of Golubr |       |       |       |     2 ||     2
Invok: Wall of Briars    |       |       |       |     9 ||     9
       Grow Ballistomyce |       |       |       |     1 ||     1
Evoke: Wand              |       |       |       |    13 ||    13
  Use: Scroll            |       |     6 |     2 |    12 ||    20
       Potion            |       |       |       |     7 ||     7
 Stab: Sleeping          |     2 |     1 |       |     3 ||     6
       Distracted        |       |       |       |     2 ||     2
Armor: Robe              |    17 |    23 |    35 |    34 ||   109
       Swamp dragon scal |       |       |       |    11 ||    11
Dodge: Dodged            |   122 |   188 |   302 |   436 ||  1048
Block: Other             |     3 |    55 |    78 |    87 ||   223
       Reflection        |       |       |     3 |     4 ||     7
